 Dungeon Crawl Stone Soup version 0.29.0-11-gd7f09526c8 (webtiles) character file.

Game seed: 10157132625185421696

186 browni3141 the Stinger (level 5, -3/37 HPs)
             Began as a Formicid Fire Elementalist on Sept 6, 2022.
             Slain by Terence
             ... wielding a +2 flail of protection
              (13 damage)
             ... on level 3 of the Dungeon.
             The game lasted 00:06:15 (2733 turns).

browni3141 the Stinger (Formicid Fire Elementalist) Turns: 2733, Time: 00:06:16

Health: -3/37      AC:  2    Str: 12    XL:     5   Next: 98%
Magic:  4/8        EV: 12    Int: 17    God:
Gold:   123        SH:  0    Dex: 14    Spells: 5/8 levels left

rFire   . . .      SeeInvis +   (no weapon)
rCold   . . .      Faith    .   (no shield)
rNeg    . . .      Spirit   .   a - +0 robe
rPois   .          Reflect  .   (helmet unavailable)
rElec   .          Harm     .   (no cloak)
rCorr   .          Rampage  .   (no gloves)
Will    +....                   (no boots)
Stlth   ++........              (no amulet)
HPRegen 0.12/turn               M - ring of willpower
MPRegen 0.11/turn               (no ring)

@: brilliant, attractive
A: permanent stasis, dig shafts and tunnels, antennae 3, four strong arms
a: Dig, Shaft Self


You were on level 3 of the Dungeon.
You visited 1 branch of the dungeon, and saw 3 of its levels.

You collected 123 gold pieces.


Innate Abilities, Weirdness & Mutations

You cannot be hasted, slowed, berserked, paralysed or teleported.
You can dig through walls and to a lower floor.
You have a pair of large antennae on your head. (SInv)
Your four strong arms can wield two-handed weapons with a shield.


   Skills:
 - Level 1.0 Fighting
 - Level 1.7 Dodging
 - Level 2.4 Stealth
 - Level 2.1 Spellcasting
 - Level 0.8 Conjurations
 - Level 4.0 Fire Magic
 * Level 5.7 Poison Magic


You had 5 spell levels left.
You knew the following spells:

 Your Spells              Type           Power      Damage    Failure   Level
z - Foxfire               Conj/Fire      60%        2x1d7     7%          1
X - Scorch                Fire           46%        2d7       5%          2

Your spell library contained the following spells:

 Spells                   Type           Power      Damage    Failure   Level
 Olgreb's Toxic Radiance  Pois           32%        N/A       19%         4
 Conjure Flame            Conj/Fire      15%        6-21      22%         3
 Inner Flame              Hex/Fire       12%        N/A       26%         3
 Flame Wave               Conj/Fire      15%        2d7       56%         4
 Ozocubu's Refrigeration  Ice            1%         4d7       100%        7
 Ignition                 Fire           11%        3d5       100%        8

Inventory:

Missiles
 d - 4 poisoned darts {@f3}
Armour
 a - a +0 robe (worn)
 g - a +1 chain mail of fire resistance
Magical Staves
 s - a staff of death
Jewellery
 M - a ring of willpower (left hand)
Scrolls
 b - a scroll of noise {!r}
 j - a scroll of immolation {!r}
 o - a scroll of magic mapping
 q - a scroll of blinking {@r3}
 t - a scroll of vulnerability {!r}
 u - a scroll of identify {@r1}
Potions
 c - a potion of curing {@q1}
 e - a potion of cancellation {unknown}
 h - a potion of might {unknown}
 l - a potion of brilliance
 r - a potion of lignification {unknown}

Dungeon Overview and Level Annotations

Branches:
Dungeon (3/15)

Altars:
Trog

Annotations:
D:3 Terence

.####...#*** #.≈.###.## ......#**
#.≈.# #.## .#################.§.#
#..# ######..........##...####.##
.......########.##.....[...#
######## #.##.?....#.##*## #
###########.......###.###.#
#####............#...##.......#
................@..≈....##.##.#
......###.#####@##.≈.......#..#
#########.# #.##.≈.........#*
##........# #.##{≈.........####
...######## #.##.............##
.########### #.##...§[..........
...........####.##.≈.........>...
####..........#.##.≈.............
# #.......##......≈.............


You could see Terence (inner flame).


Message History

Unknown command.
As you read the scroll labelled XASAYL OGAAGY, it crumbles to dust.
You feel aware of your surroundings.
It was a scroll of magic mapping.
Terence completely misses you.
Unknown command.
As you read the scroll labelled UJYDIC ZOGYFAAMUD, it crumbles to dust.
It is a scroll of brand weapon.
You aren't carrying any weapons that can be branded.
Terence hits you with a +2 flail of protection.
* * * LOW HITPOINT WARNING * * *
Unknown command.
Unknown command.
As you read the scroll labelled YQIRUZYKIS, it crumbles to dust.
You feel a strange sense of stasis.
It was a scroll of teleportation.
Terence hits you with a +2 flail of protection!
* * * LOW HITPOINT WARNING * * *
Unknown command.
You feel better.
Terence hits you with a +2 flail of protection.
* * * LOW HITPOINT WARNING * * *
Unknown command.
Casting: Foxfire (safe; 7% risk of failure)
Confirm with . or Enter, or press ? or * to list all spells.
Okay, then.
Unknown command.
Unknown command.
It was a potion of berserk rage.
Your stasis prevents you from going berserk.
Terence hits you with a +2 flail of protection!
You die...

Skill      XL: |  1  2  3  4 |
---------------+-------------+-----
Fighting       | 1 |  1.0
Fire Magic     | 4 |  4.0
Poison Magic   | 2 5 |  5.7
Dodging        | |  1.7
Stealth        | |  2.4
Spellcasting   | |  2.1
Conjurations   | |  0.8

Action                   |  1- 3 |  4- 6 || total
-------------------------+-------+-------++-------
Melee: Unarmed           |     1 |       ||     1
 Cast: Foxfire           |    45 |    36 ||    81
       Scorch            |     2 |     3 ||     5
  Use: Potion            |     1 |     5 ||     6
       Scroll            |       |     9 ||     9
Armor: Robe              |     8 |       ||     8
Dodge: Dodged            |    17 |    12 ||    29

Levels and vault maps discovered:
D:1:      dpeg_arrival_three_same_balls, layout_rooms
D:2:      layout_loops_ring, ebering_dispersal_statue_hall,
          hangedman_decor_diamond_cutter, kennysheep_pointless_box, uniq_robin
D:3:      layout_rooms, mainiacjoe_overflow_boulevard, uniq_natasha,
          uniq_terence

Notes
Turn   | Place    | Note
-------+----------+-------------------------------------------
     0 | D:1      | browni3141 the Formicid Fire Elementalist began the quest
                  | for the Orb.
     0 | D:1      | Reached XP level 1. HP: 13/13 MP: 3/3
    89 | D:1      | Reached skill level 1 in Fighting
   230 | D:1      | Reached XP level 2. HP: 21/21 MP: 1/5
   806 | D:2      | Reached XP level 3. HP: 26/26 MP: 4/6
  1038 | D:2      | Reached skill level 4 in Fire Magic
  1042 | D:2      | Learned a level 2 spell: Scorch
  1153 | D:2      | Noticed Robin
  1154 | D:2      | Reached skill level 1 in Poison Magic
  1179 | D:2      | Killed Robin
  1180 | D:2      | Reached skill level 2 in Poison Magic
  1188 | D:2      | HP: 2/26 [goblin/+0 club[Robin] (4)]
  1294 | D:2      | Reached XP level 4. HP: 13/32 MP: 3/7
  2150 | D:3      | Noticed an ogre
  2155 | D:3      | Killed an ogre
  2156 | D:3      | Reached skill level 5 in Poison Magic
  2156 | D:3      | Reached XP level 5. HP: 37/37 MP: 1/8
  2404 | D:3      | Found a bloodstained altar of Trog.
  2678 | D:3      | Noticed Terence
  2733 | D:3      | Slain by Terence

Vanquished Creatures
  An ogre (D:3)
  A jelly (D:3)
  Robin (D:2)
  2 adders
  2 ball pythons (D:1)
  2 giant cockroaches
  9 goblins
  6 hobgoblins
  A kobold (D:1)
  4 quokkas
  3 bats
  2 frilled lizards
  5 rats
39 creatures vanquished.

Vanquished Creatures (others)
  140 foxfires
140 creatures vanquished.

Grand Total: 179 creatures vanquished

Table legend: (Time is in decaauts)
 A = Elapsed time spent in this place.
 B = Non-inter-level travel time spent in this place.
 C = Inter-level travel time spent in this place.
 D = Time resting spent in this place.
 E = Time spent auto-exploring this place.
 F = Levels seen in this place.
 G = Mean time per level.
                   A        B        C        D        E       F      G
               +--------+--------+--------+--------+--------+-----+--------+
         Total |   2732 |   2666 |     66 |     90 |   2098 |   3 |  910.7 |
       Dungeon |   2732 |   2666 |     66 |     90 |   2098 |   3 |  910.7 |
               +--------+--------+--------+--------+--------+-----+--------+

Top non-repeatable levels by time:
     D:2: 1310 daAuts
     D:1: 762 daAuts
     D:3: 658 daAuts

Table legend:
 A = Non-vault XP
 B = Vault XP
 C = Vault XP percentage of total XP
 D = Non-vault monster count
 E = Vault monster count
 F = Vault count percentage of total count
                 A         B        C        D         E       F
            +---------+---------+-------+---------+---------+-------
      Total |     234 |      33 |  12.4 |      29 |      10 |  25.6
            +---------+---------+-------+---------+---------+-------
        D:1 |      25 |       0 |   0.0 |      15 |       0 |   0.0
        D:2 |      19 |      33 |  63.5 |       4 |      10 |  71.4
        D:3 |     190 |       0 |   0.0 |      10 |       0 |   0.0
            +---------+---------+-------+---------+---------+-------
